A
TALLAHASSEE THUNDER @ ORLANDO BLACKBIRDS
05/05/2060
 
TOP OF THE 1ST
Tallahassee Thunder batting - Pitching for Orlando Blackbirds : LHP Geoff Roy
Pitching: LHP Geoff Roy
Batting: RHB Maxie Bernal 0-0: Swinging Strike
0-1: Ball
1-1: Foul Ball, location: 2F
1-2: Ball
2-2: Strikes out swinging
Batting: SHB Colt Heston 0-0: Ball
1-0: Ball
2-0: SINGLE (Flyball, 6D, EV 91.9 MPH)
Batting: RHB Lucas Stewart 0-0: Ball
1-0: Swinging Strike
1-1: Called Strike
Colt Heston steals 2nd, throwing error, E2
Colt Heston to third
1-2: Ball
2-2: Ground out 5-3 (Groundball, 56S, EV 88.1 MPH)
Colt Heston scores
Batting: RHB Rashad Green 0-0: Swinging Strike
0-1: Swinging Strike
0-2: Foul Ball, location: 2F
0-2: Ball
1-2: Ball
2-2: Strikes out swinging
Top of the 1st over - 1 run, 1 hit, 1 error, 0 left on base; Tallahassee 1 - Orlando 0
BOTTOM OF THE 1ST
Orlando Blackbirds batting - Pitching for Tallahassee Thunder : LHP Joel Goodrich
Pitching: LHP Joel Goodrich
Batting: RHB Billy Wright 0-0: Called Strike
0-1: Swinging Strike
0-2: Strikes out swinging
Batting: LHB Jim Milano 0-0: Ball
1-0: Foul Ball, location: 2F
1-1: Fly out, F8 (Flyball, 78D, EV 75.6 MPH)
Batting: RHB Braden Sacks 0-0: SINGLE (Groundball, 25, EV 65.0 MPH) (infield hit)
Batting: RHB Randy Wassell 0-0: Called Strike
0-1: Ball
1-1: Ball
2-1: Swinging Strike
2-2: Foul Ball, location: 2F
2-2: Ball
3-2: Strikes out swinging
Bottom of the 1st over - 0 runs, 1 hit, 0 errors, 1 left on base; Tallahassee 1 - Orlando 0
TOP OF THE 2ND
Tallahassee Thunder batting - Pitching for Orlando Blackbirds : LHP Geoff Roy
Batting: LHB Elijah Haddad 0-0: Ball
1-0: Ball
2-0: Called Strike
2-1: Foul Ball, location: 2F
2-2: Fly out, F9 (Flyball, 89D, EV 91.9 MPH)
Batting: RHB Nathanael Novotny 0-0: Ball
1-0: Called Strike
1-1: Foul Ball, location: 2F
1-2: Fly out, F8 (Flyball, 8RXD, EV 101.2 MPH)
Batting: RHB Tai Sanches 0-0: Ball
1-0: Called Strike
1-1: Swinging Strike
1-2: Ball
2-2: Ball
3-2: Base on Balls
Batting: RHB Oscar Craddock 0-0: Ball
1-0: Called Strike
1-1: Ball
2-1: Fielders Choice at 2nd, 5-4 (Groundball, 56, EV 108.8 MPH)
Top of the 2nd over - 0 runs, 0 hits, 0 errors, 1 left on base; Tallahassee 1 - Orlando 0
BOTTOM OF THE 2ND
Orlando Blackbirds batting - Pitching for Tallahassee Thunder : LHP Joel Goodrich
Batting: RHB Logan Rodacker 0-0: Called Strike
0-1: Swinging Strike
0-2: Ball
1-2: Foul Ball, location: 2F
1-2: Foul Ball, location: 2F
1-2: Ball
2-2: Ball
3-2: Fly out, F7 (Flyball, 7S, EV 95.6 MPH)
Batting: RHB Alden Bradley 0-0: Ball
1-0: SINGLE (Line Drive, 4D, EV 106.9 MPH)
Batting: RHB Billy Ojala 0-0: Ball
1-0: Called Strike
1-1: Called Strike
1-2: Strikes out looking
Batting: SHB Kenny Goss 0-0: Ball
1-0: Fly out, F4 (Popup, 13, EV 75.0 MPH)
Bottom of the 2nd over - 0 runs, 1 hit, 0 errors, 1 left on base; Tallahassee 1 - Orlando 0
TOP OF THE 3RD
Tallahassee Thunder batting - Pitching for Orlando Blackbirds : LHP Geoff Roy
Batting: LHB Sevrin Carreto 0-0: Fly out, F9 (Flyball, 89S, EV 80.6 MPH)
Batting: RHB Maxie Bernal 0-0: Ball
1-0: Foul Ball, location: 2F
1-1: Foul Ball, location: 2F
1-2: Strikes out swinging
Batting: SHB Colt Heston 0-0: Ball
1-0: Called Strike
1-1: Fly out, F7 (Flyball, 7S, EV 90.6 MPH)
Top of the 3rd over - 0 runs, 0 hits, 0 errors, 0 left on base; Tallahassee 1 - Orlando 0
BOTTOM OF THE 3RD
Orlando Blackbirds batting - Pitching for Tallahassee Thunder : LHP Joel Goodrich
Batting: RHB Adrian Zabel 0-0: Ball
1-0: Swinging Strike
1-1: Swinging Strike
1-2: Foul Ball, location: 2F
1-2: Foul Ball, location: 2F
1-2: Ball
2-2: Foul Ball, location: 2F
2-2: Fly out, F6 (Line Drive, 6M, EV 66.2 MPH)
Batting: RHB Billy Wright 0-0: Called Strike
0-1: SINGLE (Groundball, 6MD, EV 97.5 MPH)
Batting: LHB Jim Milano 0-0: DOUBLE (Flyball, 8LD, EV 80.0 MPH)
Billy Wright to third
Batting: RHB Braden Sacks 0-0: Ball
1-0: Called Strike
1-1: Called Strike
1-2: Fly out, F3 (Popup, 3S, EV 86.2 MPH)
Batting: RHB Randy Wassell 0-0: Ball
1-0: Called Strike
1-1: Ball
2-1: Ground out 5-3 (Groundball, 56D, EV 88.1 MPH)
Bottom of the 3rd over - 0 runs, 2 hits, 0 errors, 2 left on base; Tallahassee 1 - Orlando 0
TOP OF THE 4TH
Tallahassee Thunder batting - Pitching for Orlando Blackbirds : LHP Geoff Roy
Batting: RHB Lucas Stewart 0-0: Ball
1-0: Ball
2-0: SINGLE (Groundball, 6MD, EV 95.6 MPH)
Batting: RHB Rashad Green 0-0: Ball
1-0: Grounds into double play, 1-6-3 (Groundball, 13S, EV 69.4 MPH)
Batting: LHB Elijah Haddad 0-0: Ball
1-0: Ball
2-0: Called Strike
2-1: Ball
3-1: SINGLE (Flyball, 34D, EV 95.6 MPH)
Batting: RHB Nathanael Novotny 0-0: Ball
1-0: Ball
2-0: Fly out, F8 (Flyball, 8RM, EV 75.6 MPH)
Top of the 4th over - 0 runs, 2 hits, 0 errors, 1 left on base; Tallahassee 1 - Orlando 0
BOTTOM OF THE 4TH
Orlando Blackbirds batting - Pitching for Tallahassee Thunder : LHP Joel Goodrich
Batting: RHB Logan Rodacker 0-0: Foul Ball, location: 2F
0-1: Foul Ball, location: 2F
0-2: Ground out 6-3 (Groundball, 6, EV 101.9 MPH)
Batting: RHB Alden Bradley 0-0: Swinging Strike
0-1: Swinging Strike
0-2: Strikes out swinging
Batting: RHB Billy Ojala 0-0: Ball
1-0: Foul Ball, location: 2F
1-1: Ball
2-1: SINGLE (Flyball, 9LM, EV 109.4 MPH)
Batting: SHB Kenny Goss 0-0: Ball
1-0: SINGLE (Flyball, 3D, EV 98.8 MPH)
Billy Ojala to second
Batting: RHB Adrian Zabel 0-0: Called Strike
0-1: Ball
1-1: Ball
2-1: Foul Ball, location: 2F
2-2: Foul Ball, location: 2F
2-2: Fly out, F3 (Popup, 3SF, EV 71.2 MPH)
Bottom of the 4th over - 0 runs, 2 hits, 0 errors, 2 left on base; Tallahassee 1 - Orlando 0
TOP OF THE 5TH
Tallahassee Thunder batting - Pitching for Orlando Blackbirds : LHP Geoff Roy
Batting: RHB Tai Sanches 0-0: Called Strike
0-1: Foul Ball, location: 2F
0-2: Strikes out swinging
Batting: RHB Oscar Craddock 0-0: Called Strike
0-1: Ground out 6-3 (Groundball, 6, EV 91.9 MPH)
Batting: LHB Sevrin Carreto 0-0: Foul Ball, location: 2F
0-1: Foul Ball, location: 2F
0-2: Strikes out swinging
Top of the 5th over - 0 runs, 0 hits, 0 errors, 0 left on base; Tallahassee 1 - Orlando 0
BOTTOM OF THE 5TH
Orlando Blackbirds batting - Pitching for Tallahassee Thunder : LHP Joel Goodrich
Batting: RHB Billy Wright 0-0: Called Strike
0-1: Ground out 5-3 (Groundball, 5, EV 95.0 MPH)
Batting: LHB Jim Milano 0-0: Ball
1-0: Foul Ball, location: 2F
1-1: Called Strike
1-2: Fly out, F9 (Flyball, 9S, EV 88.1 MPH)
Batting: RHB Braden Sacks 0-0: Called Strike
0-1: Swinging Strike
0-2: Ball
1-2: Ball
2-2: Ball
3-2: Strikes out swinging
Bottom of the 5th over - 0 runs, 0 hits, 0 errors, 0 left on base; Tallahassee 1 - Orlando 0
TOP OF THE 6TH
Tallahassee Thunder batting - Pitching for Orlando Blackbirds : LHP Geoff Roy
Batting: RHB Maxie Bernal 0-0: Ball
1-0: Ball
2-0: Swinging Strike
2-1: SINGLE (Groundball, 34D, EV 99.4 MPH)
Batting: SHB Colt Heston 0-0: Ball
Maxie Bernal steals 2nd base
1-0: Foul Ball, location: 2F
1-1: Ball
2-1: Called Strike
2-2: Ground out 4-3 (Groundball, 4, EV 100.6 MPH)
Maxie Bernal to third
Batting: RHB Lucas Stewart 0-0: Ball
1-0: Called Strike
1-1: Fly out, F7 (Line Drive, 7LM, EV 101.9 MPH)
Runner from 3rd tags up, OUT at HOME! 7-2
Top of the 6th over - 0 runs, 1 hit, 0 errors, 0 left on base; Tallahassee 1 - Orlando 0
BOTTOM OF THE 6TH
Orlando Blackbirds batting - Pitching for Tallahassee Thunder : LHP Joel Goodrich
Batting: RHB Randy Wassell 0-0: Ball
1-0: Fly out, F9 (Flyball, 9LD, EV 74.4 MPH)
Batting: RHB Logan Rodacker 0-0: Called Strike
0-1: Ball
1-1: Fly out, F6 (Line Drive, 6, EV 64.4 MPH)
Batting: RHB Alden Bradley 0-0: Ball
1-0: Ball
2-0: Foul Ball, location: 2F
2-1: Fly out, F9 (Flyball, 9D, EV 101.2 MPH)
Bottom of the 6th over - 0 runs, 0 hits, 0 errors, 0 left on base; Tallahassee 1 - Orlando 0
TOP OF THE 7TH
Tallahassee Thunder batting - Pitching for Orlando Blackbirds : LHP Geoff Roy
Batting: RHB Rashad Green 0-0: Ball
1-0: Ball
2-0: Foul Ball, location: 2F
2-1: Ground out 6-3 (Groundball, 6M, EV 80.6 MPH)
Batting: LHB Elijah Haddad 0-0: Ground out 2-3 (Groundball, 15S, EV 62.5 MPH)
Batting: RHB Nathanael Novotny 0-0: Ball
1-0: Ball
2-0: Foul Ball, location: 2F
2-1: Called Strike
2-2: Ball
3-2: Foul Ball, location: 2F
3-2: Foul Ball, location: 2F
3-2: Base on Balls
Batting: RHB Tai Sanches 0-0: Ball
1-0: Called Strike
Nathanael Novotny is caught stealing 2nd base 2-4
Top of the 7th over - 0 runs, 0 hits, 0 errors, 0 left on base; Tallahassee 1 - Orlando 0
BOTTOM OF THE 7TH
Orlando Blackbirds batting - Pitching for Tallahassee Thunder : LHP Joel Goodrich
Batting: RHB Billy Ojala 0-0: Called Strike
0-1: Swinging Strike
0-2: Ball
1-2: Ball
2-2: Foul Ball, location: 2F
2-2: Strikes out looking
Pitching: LHP Evan Melancon
Batting: SHB Kenny Goss 0-0: Called Strike
0-1: Ball
1-1: Swinging Strike
1-2: Strikes out swinging
Batting: RHB Adrian Zabel 0-0: Ball
1-0: Ball
2-0: Foul Ball, location: 2F
2-1: Foul Ball, location: 2F
2-2: Foul Ball, location: 2F
2-2: Ground out 6-3 (Groundball, 4M, EV 91.2 MPH)
Bottom of the 7th over - 0 runs, 0 hits, 0 errors, 0 left on base; Tallahassee 1 - Orlando 0
TOP OF THE 8TH
Tallahassee Thunder batting - Pitching for Orlando Blackbirds : LHP Geoff Roy
Batting: RHB Tai Sanches 0-0: Ball
1-0: Called Strike
1-1: Called Strike
1-2: Ball
2-2: Strikes out swinging
Pitching: RHP Blake Gordon
Batting: RHB Oscar Craddock 0-0: Foul Ball, location: 2F
0-1: Reached on error, E2 (Groundball, 2L, EV 65.6 MPH)
Batting: LHB Sevrin Carreto 0-0: SINGLE (Line Drive, 9S, EV 99.4 MPH)
Oscar Craddock to third
Runner from 3rd tries for Home, SAFE, throw by RF to home
Batting: RHB Maxie Bernal 0-0: Foul Ball, location: 2F
0-1: Foul Ball, location: 2F
0-2: Ground out 4-3 (Groundball, 34, EV 86.9 MPH)
Sevrin Carreto to second
Batting: SHB Colt Heston 0-0: Intentional Walk
Batting: RHB Lucas Stewart 0-0: Ball
1-0: Foul Ball, location: 2F
1-1: Ball
2-1: SINGLE (Line Drive, 6MD, EV 103.1 MPH)
Sevrin Carreto to third
Colt Heston to second
Batting: RHB Rashad Green 0-0: Ball
1-0: Fielders Choice at 2nd, 6-4 (Groundball, 6, EV 86.9 MPH)
Top of the 8th over - 1 run, 2 hits, 1 error, 3 left on base; Tallahassee 2 - Orlando 0
BOTTOM OF THE 8TH
Orlando Blackbirds batting - Pitching for Tallahassee Thunder : LHP Evan Melancon
Batting: RHB Billy Wright 0-0: Ball
1-0: Ball
2-0: Swinging Strike
2-1: Foul Ball, location: 2F
2-2: Ball
3-2: Foul Ball, location: 2F
3-2: Foul Ball, location: 2F
3-2: Fly out, F8 (Flyball, 8RM, EV 88.8 MPH)
Pinch Hitting: RHB Garick Rieck 0-0: Called Strike
0-1: Ball
1-1: Foul Ball, location: 2F
1-2: Strikes out looking
Batting: RHB Braden Sacks 0-0: Swinging Strike
0-1: Swinging Strike
0-2: Fly out, F8 (Flyball, 8LD, EV 90.0 MPH)
Bottom of the 8th over - 0 runs, 0 hits, 0 errors, 0 left on base; Tallahassee 2 - Orlando 0
TOP OF THE 9TH
Tallahassee Thunder batting - Pitching for Orlando Blackbirds : RHP Blake Gordon
Now at 1B: Garick Rieck
Now in LF: Billy Wright
Now in RF: Alden Bradley
Batting: LHB Elijah Haddad 0-0: Swinging Strike
0-1: Ball
1-1: Called Strike
1-2: Foul Ball, location: 2F
1-2: Strikes out swinging
Batting: RHB Nathanael Novotny 0-0: Fly out, F6 (Line Drive, 6, EV 70.0 MPH)
Batting: RHB Tai Sanches 0-0: Ball
1-0: Ground out 5-3 (Groundball, 56, EV 105.6 MPH)
Top of the 9th over - 0 runs, 0 hits, 0 errors, 0 left on base; Tallahassee 2 - Orlando 0
BOTTOM OF THE 9TH
Orlando Blackbirds batting - Pitching for Tallahassee Thunder : LHP Evan Melancon
Pitching: RHP Dewayne Martinson
Now at 1B: Axel Parker
Now in LF: Lucas Stewart
Batting: RHB Randy Wassell 0-0: SINGLE (Line Drive, 8LS, EV 101.9 MPH)
Pinch Hitting: LHB Aiden Hill 0-0: Swinging Strike
0-1: Swinging Strike
0-2: Strikes out swinging
Batting: RHB Alden Bradley 0-0: Called Strike
0-1: Foul Ball, location: 2F
0-2: Ball
1-2: Foul Ball, location: 2F
1-2: SINGLE (Groundball, P, EV 86.9 MPH) (infield hit)
Randy Wassell to second
Pinch Runner at 2nd AKeem Suharto:
Batting: RHB Billy Ojala 0-0: Called Strike
0-1: Ball
1-1: SINGLE (Line Drive, 34D, EV 94.4 MPH)
AKeem Suharto to third
Alden Bradley to second
Batting: SHB Kenny Goss 0-0: Ball
1-0: Swinging Strike
1-1: Called Strike
1-2: Ball
2-2: Ball
3-2: Foul Ball, location: 2F
3-2: Fielders Choice at 2nd, 3-6 (Groundball, 34S, EV 84.4 MPH)
AKeem Suharto scores
Alden Bradley to third
Pinch Hitting: SHB Conor Coleman 0-0: Ball
1-0: SINGLE (Line Drive, 4M, EV 95.0 MPH)
Alden Bradley scores
Kenny Goss to second
Runner from 2nd tries for 3rd, OUT! 8-5
Bottom of the 9th over - 2 runs, 4 hits, 0 errors, 1 left on base; Tallahassee 2 - Orlando 2
TOP OF THE 10TH
Tallahassee Thunder batting - Pitching for Orlando Blackbirds : RHP Blake Gordon
Now at C: Nikolas DiPrimo
Now at 2B: Conor Coleman
Now at 3B: Reynold Chimanga
Batting: RHB Oscar Craddock 0-0: Called Strike
0-1: Called Strike
0-2: SINGLE (Groundball, 34D, EV 98.8 MPH)
Batting: LHB Sevrin Carreto 0-0: Ball
1-0: Sac Bunt to 15S - play at first, batter OUT! 1-3
Oscar Craddock to second
Batting: RHB Maxie Bernal 0-0: Fly out, F5 (Line Drive, 6, EV 71.2 MPH)
Batting: SHB Colt Heston 0-0: Intentional Walk
Batting: RHB Lucas Stewart 0-0: Swinging Strike
0-1: Called Strike
0-2: Ball
1-2: Strikes out swinging
Top of the 10th over - 0 runs, 1 hit, 0 errors, 2 left on base; Tallahassee 2 - Orlando 2
BOTTOM OF THE 10TH
Orlando Blackbirds batting - Pitching for Tallahassee Thunder : RHP Dewayne Martinson
Batting: RHB Billy Wright 0-0: Foul Ball, location: 2F
0-1: Ball
1-1: Ball
2-1: Called Strike
2-2: Foul Ball, location: 2F
2-2: Ball
3-2: Strikes out looking
Batting: RHB Garick Rieck 0-0: Swinging Strike
0-1: Called Strike
0-2: Ball
1-2: Ball
2-2: Foul Ball, location: 2F
2-2: SINGLE (Line Drive, 5D, EV 110.6 MPH)
Batting: RHB Braden Sacks 0-0: Ball
1-0: Called Strike
1-1: Ball
2-1: Called Strike
Garick Rieck steals 2nd base
2-2: Foul Ball, location: 2F
2-2: Foul Ball, location: 2F
2-2: Foul Ball, location: 2F
2-2: Strikes out swinging
Batting: SHB Nikolas DiPrimo 0-0: Ball
1-0: Called Strike
1-1: Ball
2-1: Foul Ball, location: 2F
2-2: Strikes out swinging
Bottom of the 10th over - 0 runs, 1 hit, 0 errors, 1 left on base; Tallahassee 2 - Orlando 2
TOP OF THE 11TH
Tallahassee Thunder batting - Pitching for Orlando Blackbirds : RHP Blake Gordon
Pinch Hitting: LHB Tom Oliver 0-0: Ball
1-0: Swinging Strike
1-1: Foul Ball, location: 2F
1-2: Fly out, F9 (Flyball, 89S, EV 83.1 MPH)
Batting: LHB Axel Parker 0-0: Called Strike
0-1: Ball
1-1: Swinging Strike
1-2: Ball
2-2: Strikes out swinging
Batting: RHB Nathanael Novotny 0-0: Called Strike
0-1: Ball
1-1: Foul Ball, location: 2F
1-2: Foul Ball, location: 2F
1-2: Ground out 4-3 (Groundball, 34, EV 85.6 MPH)
Top of the 11th over - 0 runs, 0 hits, 0 errors, 0 left on base; Tallahassee 2 - Orlando 2
BOTTOM OF THE 11TH
Orlando Blackbirds batting - Pitching for Tallahassee Thunder : RHP Dewayne Martinson
Pitching: LHP Harry McEachern
Now at C: Nathanael Licona
Batting: RHB Reynold Chimanga 0-0: Ball
1-0: Swinging Strike
1-1: Fly out, F8 (Flyball, 8LD, EV 85.6 MPH)
Batting: RHB Alden Bradley 0-0: SINGLE (Line Drive, 4MD, EV 105.0 MPH)
Batting: RHB Billy Ojala 0-0: Fly out, F9 (Flyball, 9, EV 95.6 MPH)
Batting: SHB Kenny Goss 0-0: Ball
1-0: Ball
2-0: Foul Ball, location: 2F
2-1: Ball
3-1: Foul Ball, location: 2F
3-2: Base on Balls
Alden Bradley to second
Batting: SHB Conor Coleman 0-0: Ball
1-0: Foul Ball, location: 2F
1-1: Called Strike
1-2: Foul Ball, location: 2F
1-2: Fielders Choice at 2nd, 5-4 (Groundball, 5L, EV 82.5 MPH)
Bottom of the 11th over - 0 runs, 1 hit, 0 errors, 2 left on base; Tallahassee 2 - Orlando 2
TOP OF THE 12TH
Tallahassee Thunder batting - Pitching for Orlando Blackbirds : RHP Blake Gordon
Batting: RHB Tai Sanches 0-0: Foul Ball, location: 2F
0-1: Fly out, F5 (Popup, 56S, EV 81.9 MPH)
Batting: RHB Oscar Craddock 0-0: SINGLE (Groundball, 34D, EV 105.6 MPH)
Batting: LHB Sevrin Carreto 0-0: Called Strike
0-1: Ball
1-1: Called Strike
1-2: Fielders Choice at 2nd, 1-4 (Groundball, 15, EV 63.8 MPH)
Batting: RHB Maxie Bernal 0-0: Called Strike
Sevrin Carreto steals 2nd base
0-1: Ground out 5-3 (Groundball, 56S, EV 91.9 MPH)
Top of the 12th over - 0 runs, 1 hit, 0 errors, 1 left on base; Tallahassee 2 - Orlando 2
BOTTOM OF THE 12TH
Orlando Blackbirds batting - Pitching for Tallahassee Thunder : LHP Harry McEachern
Batting: RHB Billy Wright 0-0: Called Strike
0-1: Ball
1-1: SINGLE (Groundball, 56D, EV 103.1 MPH)
Pitching: RHP Magnus Picazo
Batting: RHB Garick Rieck 0-0: Bunted foul
0-1: Sac Bunt to 3S - play at first, batter OUT! 3-4
Billy Wright to second
Batting: RHB Braden Sacks 0-0: Intentional Walk
Batting: SHB Nikolas DiPrimo 0-0: Ball
1-0: Called Strike
1-1: Ball
2-1: SINGLE (Line Drive, 89S, EV 103.8 MPH)
Billy Wright to third
Braden Sacks to second
Runner from 3rd tries for Home, SAFE, throw by RF to home
Bottom of the 12th over - 1 run, 2 hits, 0 errors, 2 left on base; Tallahassee 2 - Orlando 3
Monday, April 29th , 2024 - OOTP Baseball 23.10 Build 110